 Dungeon Crawl Stone Soup version 0.21.1-1-g345015f (webtiles) character file.

12 Monsterracer the Stinger (level 2, 0/19 HPs)
             Began as a Formicid Venom Mage on Apr 22, 2018.
             Slain by a jackal (3 damage)
             ... on level 1 of the Dungeon.
             The game lasted 00:01:32 (606 turns).

Monsterracer the Stinger (Formicid Venom Mage)       Turns: 606, Time: 00:01:33

Health: 0/19       AC:  2    Str: 12    XL:     2   Next: 45%
Magic:  0/5        EV: 12    Int: 14    God:
Gold:   25         SH:  0    Dex: 11    Spells: 2/5 levels left

rFire    . . .     SeeInvis +   (no weapon)
rCold    . . .     Gourm    .   (no shield)
rNeg     . . .     Faith    .   a - +0 robe
rPois    .         Spirit   .   (helmet unavailable)
rElec    .         Reflect  .   (no cloak)
rCorr    .         Harm     .   (no gloves)
MR       .....                  (no boots)
Stlth    ++........             (no amulet)
HPRegen  0.06/turn              (no ring)
MPRegen  0.09/turn              (no ring)

@: very slightly contaminated
A: permanent stasis, dig shafts and tunnels, four strong arms, antennae 3
a: Dig, Shaft Self


You were on level 1 of the Dungeon.
You were not hungry.

You visited 1 branch of the dungeon, and saw 1 of its levels.

You collected 25 gold pieces.

Inventory:

Armour
 a - a +0 robe (worn)
Scrolls
 d - a scroll of teleportation {unknown}
 e - a scroll of random uselessness {unknown}
Books
 b - a Young Poisoner's Handbook

   Spells                             Type                      Level
   a - Sting                          Conjuration/Poison           1
   b - Poisonous Vapours              Poison/Air                   2
   c - Mephitic Cloud                 Conjuration/Poison/Air       3
   d - Olgreb's Toxic Radiance        Poison                       4
   e - Venom Bolt                     Conjuration/Poison           5
Comestibles
 c - 2 rations


   Skills:
 - Level 1.7 Dodging
 - Level 2.4 Stealth
 + Level 2.3 Spellcasting
 * Level 1.4 Conjurations
 * Level 4.4 Poison Magic


You had 2 spell levels left.
You knew the following spells:

 Your Spells              Type           Power        Failure   Level  Hunger
a - Poisonous Vapours     Pois/Air       #.....       14%         2    ###....
b - Sting                 Conj/Pois      #...         7%          1    #......


Dungeon Overview and Level Annotations

Branches:
Dungeon (1/15)

Altars:


Innate Abilities, Weirdness & Mutations

You cannot be hasted, slowed, berserked, paralysed or teleported.
You can dig through walls and to a lower floor.
Your four strong arms can wield two-handed weapons with a shield.
You have a pair of large antennae on your head. (SInv)


Message History

Casting: Sting
Confirm with . or Enter, or press ? or * to list all spells.
Aiming: Sting
Press: ? - help, Shift-Dir - straight line, f/p - jackal
Aim: a jackal (heavily wounded)
The sting misses the jackal. x2
You now have 2/5 mp.
Casting: Sting
Confirm with . or Enter, or press ? or * to list all spells.
Aiming: Sting
Press: ? - help, Shift-Dir - straight line, f/p - jackal
Aim: a jackal (heavily wounded)
The sting hits the jackal.
The jackal appears unharmed.
The jackal is heavily wounded.
The jackal barely misses you. The jackal bites you.
You take 1 damage, and have 18/19 hp.
You now have 1/5 mp.
Casting: Sting
Confirm with . or Enter, or press ? or * to list all spells.
Aiming: Sting
Press: ? - help, Shift-Dir - straight line, f/p - jackal
Aim: a jackal (heavily wounded)
The sting hits the jackal.
The jackal is poisoned.
You kill the jackal!
You now have 0/5 mp.
The jackal bites you.
You take 2 damage, and have 16/19 hp.
You closely miss the jackal.
The jackal bites you but does no damage.
Casting: Sting
Confirm with . or Enter, or press ? or * to list all spells.
Aiming: Sting
Press: ? - help, Shift-Dir - straight line, f - jackal
Aim: a jackal You miscast Sting.
You are very lightly contaminated with residual magic.
You feel odd. The jackal closely misses you. The jackal bites you.
You take 2 damage, and have 14/19 hp.
You now have 0/5 mp.
The jackal barely misses you. The jackal bites you.
You take 2 damage, and have 13/19 hp.
The jackal bites you.
Things that are here:
a club; a goblin corpse You take 1 damage, and have 12/19 hp.
The jackal bites you but does no damage.
Casting: Sting
Confirm with . or Enter, or press ? or * to list all spells.
Aiming: Sting
Press: ? - help, Shift-Dir - straight line, f/p - jackal
Aim: a jackal The sting hits the jackal.
The jackal is severely wounded.
The jackal closely misses you.
You now have 0/5 mp.
You hit the jackal but do no damage.
The jackal is severely wounded.
The jackal bites you. x2
* * * LOW HITPOINT WARNING * * *
You take 4 damage, and have 8/19 hp.
MASSIVE DAMAGE!!
You barely miss the jackal.
The jackal is severely wounded.
The jackal bites you.
* * * LOW HITPOINT WARNING * * *
You take 2 damage, and have 6/19 hp.
The jackal misses you.
You see here a club.
The jackal bites you but does no damage.
Your magical contamination has completely faded away.
The jackal bites you.
* * * LOW HITPOINT WARNING * * *
You take 2 damage, and have 5/19 hp.
Casting: Sting
Confirm with . or Enter, or press ? or * to list all spells.
Aiming: Sting
Press: ? - help, Shift-Dir - straight line, f/p - jackal
Aim: a jackal (severely wounded)
You miscast Sting.
You are very lightly contaminated with residual magic.
Nothing appears to happen.
The jackal bites you.
* * * LOW HITPOINT WARNING * * *
You take 2 damage, and have 3/19 hp.
You now have 0/5 mp.
Unknown command.
The jackal barely misses you.
You see here a club.
Casting: Sting
Confirm with . or Enter, or press ? or * to list all spells.
Okay, then.
The jackal misses you. The jackal closely misses you.
The jackal closely misses you.
There is a stone staircase leading down here.
Casting: Sting
Confirm with . or Enter, or press ? or * to list all spells.
Aiming: Sting
Press: ? - help, Shift-Dir - straight line, f/p - jackal
Aim: a jackal (heavily wounded)
The sting hits the jackal.
The jackal is poisoned.
The jackal is severely wounded.
The jackal bites you.
You die...

.# #.# .# #g# .# #.#
########## .#
#.#####........# .###
#.##..+.....(..#
...#####g##.##........#
...#.....##.####'######
...#.######.#.........#
..).....)......h@.(...#
...#†#...####.#.......#
...#.#.#......#.......#
...###.########.#######
...# #.#........# ...#
#.#.######## ##.# #.#.#
##.# #.#.##### ...#
#.#.....#


You could see a jackal.

Vanquished Creatures
  A leopard gecko (D:1)
  2 goblins (D:1)
  3 hobgoblins (D:1)
  A jackal (D:1)
  A bat (D:1)
  A frilled lizard (D:1)
  A rat (D:1)
10 creatures vanquished.

Notes
Turn   | Place    | Note
-------+----------+-------------------------------------------
     0 | D:1      | Monsterracer the Formicid Venom Mage began the quest for the Orb.
     0 | D:1      | Reached XP level 1. HP: 13/13 MP: 3/3
    15 | D:1      | Reached skill level 1 in Conjurations
   188 | D:1      | HP: 6/13 [hobgoblin/club (4)]
   397 | D:1      | Reached XP level 2. HP: 17/19 MP: 0/5
   479 | D:1      | Learned a level 2 spell: Poisonous Vapours
   586 | D:1      | HP: 8/19 [jackal (2)]
   594 | D:1      | HP: 5/19 [jackal (2)]
   606 | D:1      | Slain by a jackal

Skill      XL: |  1 |
---------------+----+-----
Conjurations   | 1 |  1.4
Dodging        | |  1.7
Stealth        | |  2.4
Spellcasting   | |  2.3
Poison Magic   | |  4.4

Action                   || total
-------------------------++-------
Melee: Unarmed           ||    10
 Cast: Sting             ||    25
Armor: Robe              ||     7
Dodge: Dodged            ||    23

Vault maps used:
D:1:      dpeg_arrival_simpleton_b, minmay_tetromino_l4
